 Dungeon Crawl Stone Soup version 0.20-a0-991-g93344ec (webtiles) character file.

200 MudBrick2 the Chopper (level 5, -3/41 HPs)
             Began as a Barachi Skald on Apr 11, 2017.
             Slain by Natasha (4 damage)
             ... on level 3 of the Dungeon.
             The game lasted 00:16:17 (3008 turns).

MudBrick2 the Chopper (Barachi Skald)               Turns: 3008, Time: 00:16:18

Health: -3/41      AC: 11    Str: 13    XL:     5   Next: 78%
Magic:  4/8        EV: 10    Int: 13    God:
Gold:   159        SH:  0    Dex: 12    Spells: 7/8 levels left

rFire    + . .     SeeInvis .   a - +0 hand axe
rCold    x . .     Gourm    .   (no shield)
rNeg     . . .     Faith    .   j - +0 scale mail
rPois    .         Spirit   .   o - +2 hat
rElec    .         Reflect  .   t - +0 cloak
rCorr    .         Harm     .   i - +0 pair of gloves
MR       .....                  (no boots)
Stlth    ..........             (no amulet)
Regen    0.2/turn               h - ring of fire
MPRegen  0.2/turn               (no ring)

@: can't hop, slowed, very slow
A: +LOS, swims, slowness 1, strong legs 1
a: Hop


You were on level 3 of the Dungeon.
You were not hungry.

You visited 1 branch of the dungeon, and saw 3 of its levels.

You collected 159 gold pieces.

Inventory:

Hand Weapons
 a - a +0 hand axe (weapon)
Armour
 b - a +0 leather armour
 i - a +0 pair of gloves (worn)
 j - a +0 scale mail (worn)
 o - a +2 hat (worn)
 t - a +0 cloak (worn)
 u - a +0 pair of gloves
 v - a +0 scale mail
Jewellery
 e - an uncursed ring of see invisible {unknown}
 h - a ring of fire (left hand)
Scrolls
 g - 2 scrolls of identify
 m - a scroll of immolation {unknown}
 n - a scroll of magic mapping
 r - a scroll of noise {unknown}
Potions
 l - a potion of cancellation {unknown}
 p - 2 potions of ambrosia {unknown}
 q - a potion of heal wounds {unknown}
 s - a potion of agility {unknown}
 w - a potion of might {unknown}
Books
 c - a book of Battle

   Spells                             Type                      Level
   a - Infusion                       Charms                       1
   b - Shroud of Golubria             Charms/Translocation         2
   c - Song of Slaying                Charms                       2
   d - Spectral Weapon                Hexes/Charms                 3
   e - Regeneration                   Charms/Necromancy            3
Comestibles
 d - 2 bread rations
 f - 2 royal jellies
 k - 4 chunks of flesh


   Skills:
 * Level 3.4 Fighting
 * Level 4.2 Axes
 * Level 3.3 Armour
 * Level 3.1 Dodging
 - Level 0.2 Stealth
 + Level 2.2 Spellcasting
 + Level 3.5 Charms


You had 7 spell levels left.
You knew the following spells:

 Your Spells              Type           Power        Failure   Level  Hunger
a - Infusion              Chrm           ##..         28%         1    ##.....


Dungeon Overview and Level Annotations

Branches:
Dungeon (3/15)

Altars:

Annotations:
D:3 Natasha


Innate Abilities, Weirdness & Mutations

Shadows flee at your approach. (+LOS)
You can swim through water.
You cover ground slowly.
You can hop short distances.


Message History

Your magical contamination has completely faded away.
The white imp gestures at you. The puff of frost hits you!
You feel a terrible chill!
* * * LOW HITPOINT WARNING * * *
Natasha casts a spell at you.
You feel as though you will be slow longer.
Natasha claws you but does no damage.
Natasha mumbles some strange words.
Natasha glows brightly for a moment.
Natasha barely misses you. Natasha barely misses you.
The white imp disappears in a puff of smoke!
Natasha casts a spell at you. The magic dart hits you!
* * * LOW HITPOINT WARNING * * *
The crimson imp blinks!
There is a stone staircase leading up here.
Okay, then.
Natasha claws you.
You die...

#........................'..)..
#....#....###............######
###..'....# ##...........#
####....# #...........# #....#
#5########.## ###### #.# #.#
#.# #h# #h# #.# #@# #5# ### #.#
#.# #.# #.# #.#


You could see Natasha and a white imp.

Vanquished Creatures
  An ogre (D:3)
  5 adders
  2 oozes
  A worm (D:2)
  A dart slug (D:2)
  2 leopard geckos
  2 giant cockroaches
  4 hobgoblins
  A ball python (D:3)
  3 bats
  4 frilled lizards
  11 goblins
  4 kobolds
  21 rats
62 creatures vanquished.

Notes
Turn   | Place    | Note
-------+----------+-------------------------------------------
     0 | D:1      | MudBrick2 the Barachi Skald began the quest for the Orb.
     0 | D:1      | Reached XP level 1. HP: 17/17 MP: 3/3
    32 | D:1      | Reached XP level 2. HP: 14/23 MP: 0/5
   724 | D:1      | Reached XP level 3. HP: 26/28 MP: 6/6
  1096 | D:2      | Reached skill level 3 in Axes
  1512 | D:2      | Reached XP level 4. HP: 22/35 MP: 7/7
  2695 | D:3      | Noticed an ogre
  2714 | D:3      | Killed an ogre
  2714 | D:3      | Reached skill level 4 in Axes
  2714 | D:3      | Reached XP level 5. HP: 27/41 MP: 3/8
  2979 | D:3      | Noticed Natasha
  3003 | D:3      | HP: 2/41 [white imp/puff of frost[Natasha] (3)]
  3008 | D:3      | Slain by Natasha

Vault maps used:
D:1:      erik_arrival_orb_chamber
D:2:      first_bread
D:3:      elyvilon_altar_1, minitemple, uniq_natasha

Skill      XL: |  1  2  3  4 |
---------------+-------------+-----
Axes           | 3 4 |  4.2
Fighting       | 3 |  3.4
Armour         | 3 |  3.3
Dodging        | 3 |  3.1
Stealth        | |  0.2
Spellcasting   | |  2.2
Charms         | |  3.5

Action                   |  1- 3 |  4- 6 || total
-------------------------+-------+-------++-------
Melee: Hand axe          |   142 |   121 ||   263
 Cast: Infusion          |     3 |     4 ||     7
 Abil: Hop               |       |     2 ||     2
  Use: Scroll            |     3 |       ||     3
       Potion            |     1 |     3 ||     4
  Eat: Chunk             |     2 |     6 ||     8
Armor: Leather armour    |    40 |       ||    40
       Scale mail        |    12 |    55 ||    67
Dodge: Dodged            |    76 |    68 ||   144
